[Event "Late-Titled-Tuesday-Blitz-April-23-2024"]
[Site "Chess.com"]
[Date "2024.04.23"]
[Round "2"]
[White "Itay121"]
[Black "MarcoRiehle"]
[Result "0-1"]
[WhiteElo "2550"]
[BlackElo "2790"]
[TimeControl "180+1"]
[EndTime "14:19:02 PDT"]
[Termination "MarcoRiehle won by checkmate"]

1. Nf3 c5 2. g3 Nc6 3. Bg2 e5 4. d3 d5 5. O-O f6 6. c4 Nge7 7.
cxd5 Nxd5 8. Nc3 Be6 9. Be3 Qd7 10. Nxd5 Bxd5 11. Nd2 Be6 12. Qa4 Rc8 13. Rfc1 b6 14. a3 Be7 15. b4 Nd4 16. Qxd7+ Kxd7 17. Bxd4 cxd4 18. h4 Rxc1+ 19. Rxc1 Rc8 20. Rxc8 Kxc8 21. Nc4 Kc7 22. Be4 h6 23. Kf1 f5 24. Bg2 e4 25.
Ke1 Kc6 26. Ne5+ Kd5 27. Ng6 Bd6 28. Kd2 Bf7 29. Nf4+ Ke5 30. Bh3 g5 31. hxg5 hxg5 32. dxe4 gxf4 33. gxf4+ Kxe4 34. Bg2+ Kxf4 35. Kd3 Ke5 36.
f4+ Kxf4 37. Kxd4 Be5+ 38. Kd3 Kg5 39. e3 Kf6 40. Bf3 Be6 41. Bc6 Ke7 42. Bf3 Kd6 43. Be2 Bd5 44. Bh5 Bg2 45. Kc4 Bf1+ 46. Kb3 Bg7 47. Ka4 Bh6 48. Bg6 Ke5 49. b5 Bxe3 50. Bh5 Bd3 51. Bd1 f4 52. Bf3 Bc5 53. Bd1 f3 54. Bb3 f2 55. Bc4 Bc2+ 56. Bb3 Bxb3+ 57. Kxb3 f1=Q 58. Ka4 Qc4# 0-1

[Event "Late-Titled-Tuesday-Blitz-April-23-2024"]
[Site "Chess.com"]
[Date "2024.04.23"]
[Round "2"]
[White "Good_Knight_Kiss"]
[Black "Sesleria"]
[Result "1-0"]
[WhiteElo "2457"]
[BlackElo "2133"]
[TimeControl "180+1"]
[EndTime "14:19:02 PDT"]
[Termination "Good_Knight_Kiss won by resignation"]

1. e4 c5 2. Nf3 e6 3. d4 cxd4 4. Nxd4 a6 5. Nc3 Qc7 6. g3 Nf6 7. Bg2 Nc6 8. O-O Nxd4 9. Qxd4 Bc5 10. Bf4 Bxd4 11. Bxc7 O-O 12. Bd6 Re8 13. e5 Ng4 14.
Rae1 f6 15. exf6 Nxf6 16. h3 Bxc3 17. bxc3 a5 18. c4 Ra6 19. c5 a4 20. Rb1 Nd5 21. c4 Nc3 22. Rb2 a3 23. Rc2 Na4 24. Rb1 Ra5 25. Rb5 Ra7 26. Rb3 Ra5 27. Rxa3 Ra6 28. Rc1 b6 29. cxb6 Nxb6 30. Rxa6 Bxa6 31. c5 Nd5 32.
Rb1 Nc3 33. Rb2 Bc4 34. Rc2 Ne2+ 35. Kh2 Bb5 36. Bf1 Nd4 37. Rc1 Nf3+ 38. Kh1 Bc6 39.
Bg2 Ra8 40. Rc2 g5 41. Rb2 Kf7 42. Rb8 Rxa2 43. Rf8+ Kg6 44. Bxf3 Bxf3+ 45. Rxf3 h5 46. g4 Ra4 47. Rg3 Re4 48. Kg2 e5 49. Re3 Rxe3 50.
fxe3 hxg4 51. hxg4 Kf6 52. Kf3 Ke6 53. Ke4 1-0

[Event "Late-Titled-Tuesday-Blitz-April-23-2024"]
[Site "Chess.com"]
[Date "2024.04.23"]
[Round "2"]
[White "Fh2411"]
[Black "NovakRatko"]
[Result "0-1"]
[WhiteElo "2556"]
[BlackElo "2392"]
[TimeControl "180+1"]
[EndTime "14:19:03 PDT"]
[Termination "NovakRatko won on time"]

1. d4 d5 2. Nf3 c5 3. c3 cxd4 4.
cxd4 Nc6 5. Nc3 f6 6. Bf4 Bg4 7. h3 Bh5 8. e3 e5 9. Bh2 e4 10. g4 Bf7 11. Nd2 Bd6 12. Bxd6 Qxd6 13. Qb3 Nge7 14. Qxb7 Rb8 15. Nb5 Qb4 16. Nc7+ Kd7 17. Qxb4 Nxb4 18. Na6 Nc2+ 19. Kd1 Nxa1 20. Nc5+ Kd6 21. b3 h5 22. Be2 hxg4 23. Bxg4 f5 24. Be2 g5 25. Kc1 Be6 26. Kb2 Nxb3 27. axb3 f4 28.
Rg1 Rbg8 29. Bg4 Bxg4 30. hxg4 fxe3 31. fxe3 Rh2 32. Kc3 Rf8 33. Ra1 Rff2 34. Ra6+ Kc7 35. Rxa7+ Kb6 36. Rxe7 Rxd2 37. Kb4 Rhe2 38. Re6+ Kc7 39.
Re5 Rxe3 40. Rxd5 Rg2 41. Rxg5 Kd6 42. Rg6+ Kd5 43. Ne6 Rh2 44. Nf4+ Kxd4 45. Rd6+ Ke5 0-1

[Event "Late-Titled-Tuesday-Blitz-April-23-2024"]
[Site "Chess.com"]
[Date "2024.04.23"]
[Round "2"]
[White "Kostukov_Alex"]
[Black "WilsonPalencia21"]
[Result "1-0"]
[WhiteElo "2372"]
[BlackElo "2529"]
[TimeControl "180+1"]
[EndTime "14:19:03 PDT"]
[Termination "Kostukov_Alex won by checkmate"]

1. g3 g6 2. Bg2 Bg7 3. c4 c5 4. Nf3 Nc6 5. O-O Nf6 6. d4 d6 7. Nc3 O-O 8. dxc5 dxc5 9. Bf4 Nh5 10. Be3 b6 11. Qa4 Bd7 12. Rfd1 Rc8 13. Ng5 h6 14. Nh3 Rc7 15. Nf4 Nd4 16. Qa6 Nxf4 17. Bxf4 e5 18. Be3 Nc2 19. Nb5 Bxb5 20. Qxb5 Qc8 21. Rac1 Nxe3 22. fxe3 h5 23. Rd6 Bh6 24. Qb3 Rd7 25. Rcd1 Rxd6 26. Rxd6 Qf5 27. Qd3 Qg5 28. Kf2 Kg7 29. Rd7 Qf6+ 30. Ke1 e4 31. Bxe4 Qxb2 32.
Kf2 Qf6+ 33. Bf3 g5 34. Kg1 g4 35. Bd5 Qe5 36. e4 Qa1+ 37. Kg2 Qf6 38. Qd1 Be3 39. Qf1 Qxf1+ 40. Kxf1 Kg6 41. Kg2 a5 42. Rd6+ f6 43.
Rxb6 Bd2 44. Rb5 Bb4 45. a3 Bxa3 46. Rxa5 Bb4 47. Ra7 Rb8 48. Ra6 Bc3 49. Kf2 Bd4+ 50. e3 Rb2+ 51. Ke1 Bxe3 52. e5 Rf2 53. e6 Rb2 54.
Ra7 Rb8 55. Rf7 Bg5 56. Be4+ f5 57. Bxf5+ Kh6 58. Rh7# 1-0

[Event "Late-Titled-Tuesday-Blitz-April-23-2024"]
[Site "Chess.com"]
[Date "2024.04.23"]
[Round "2"]
[White "Kratos031"]
[Black "RebecaJimnz"]
[Result "0-1"]
[WhiteElo "2492"]
[BlackElo "2276"]
[TimeControl "180+1"]
[EndTime "14:19:04 PDT"]
[Termination "RebecaJimnz won by checkmate"]

1. d4 Nf6 2. Nf3 d5 3. c4 e6 4.
Nc3 Bb4 5. Bg5 h6 6. Bh4 O-O 7. cxd5 exd5 8. e3 c5 9. Bd3 Be6 10. O-O Nbd7 11. Ne5 cxd4 12. exd4 Be7 13. Rc1 Rc8 14.
Bb1 g5 15. Bg3 Nxe5 16. Bxe5 Ng4 17. Qd3 f5 18. Rfe1 Nxe5 19. Rxe5 Qd7 20. Rce1 Rc6 21.
Qe2 Rf6 22. Nxd5 Bxd5 23. Rxe7 Qd6 24. Re8+ Kg7 25. h3 Bf7 26. Re7 Qxd4 27. Rxb7 Rce6 28. Qf1 Qd2 29. Rxe6 Rxe6 30. Bxf5 Re1 31. Bd3 Rxf1+ 32. Bxf1 Kf6 33. a3 Qe1 34. Rb4 a5 35. Rd4 Ke5 36.
Rg4 Be6 37. Ra4 Kf6 38. g3 Bb3 39. Rd4 Qc1 40. Rd3 Bc2 41. Rf3+ Kg6 42. b4 Be4 43. Re3 axb4 44. Rxe4 bxa3 45. Ra4 Qb2 46. Kg2 a2 47. Bd3+ Kf6 48. Ra6+ Ke5 49. Ra5+ Kd4 50. Bh7 a1=Q 51. Rxa1 Qxa1 52. Kf3 Qa8+ 53. Kg4 Qh8 54. Bg6 Qf6 55. Kh5 Qxf2 56. Kxh6 Qxg3 57. Bh5 Qxh3 58. Kxg5 Ke5 59. Bg4 Qg3 60. Kh5 Kf4 61. Be6 Qg5# 0-1

[Event "Late-Titled-Tuesday-Blitz-April-23-2024"]
[Site "Chess.com"]
[Date "2024.04.23"]
[Round "2"]
[White "TheFireChess"]
[Black "protectiago"]
[Result "0-1"]
[WhiteElo "2424"]
[BlackElo "2071"]
[TimeControl "180+1"]
[EndTime "14:19:07 PDT"]
[Termination "protectiago won by resignation"]

1. e4 e5 2. d4 exd4 3. Qxd4 Nc6 4. Qe3 Nf6 5. Bd2 Be7 6. Nc3 O-O 7. O-O-O d6 8. f4 Bg4 9. Be2 b5 10. Nxb5 Rb8 11.
Nc3 Qc8 12. Nf3 Qb7 13. b3 Rfe8 14. h3 Bxf3 15. gxf3 d5 16. Qg1 Ba3+ 17. Kb1 dxe4 18. fxe4 Nb4 19. e5 Ne4 20. Be1 Nxc3+ 21. Bxc3 Qe4 22.
Bd3 Nxd3 23. cxd3 Qxf4 24. Rf1 Qh6 25. Rf6 g6 26. h4 Rb6 27. Rxb6 axb6 28. h5 Rd8 29.
hxg6 Qxg6 30. Qxg6+ fxg6 31. Kc2 c5 32. Rh4 Re8 33.
Ra4 Bb4 34. Bxb4 cxb4 35. d4 g5 36. Kd3 g4 37. Ke3 Rf8 38. Rxb4 g3 39. Rc4 h5 40. e6 g2 41. d5 g1=Q+ 42. Ke4 Qg4+ 43. Ke5 Qg5+ 44. Kd4 Qg4+ 45. Ke5 Qg5+ 46. Kd4 Rf4+ 47.
Kc3 Rxc4+ 48. bxc4 Qe5+ 49. Kb4 Qd6+ 50. Kb5 h4 51. a4 h3 52. a5 bxa5 53. Kxa5 Qc5+ 54. Ka4 Qxc4+ 55. Ka3 Qxd5 56. Kb2 Qxe6 57. Kc2 h2 0-1

[Event "Late-Titled-Tuesday-Blitz-April-23-2024"]
[Site "Chess.com"]
[Date "2024.04.23"]
[Round "2"]
[White "Mikayel99"]
[Black "GianmarcoVaR"]
[Result "0-1"]
[WhiteElo "2580"]
[BlackElo "2826"]
[TimeControl "180+1"]
[EndTime "14:19:11 PDT"]
[Termination "GianmarcoVaR won by checkmate"]

1. Nf3 Nf6 2. g3 g6 3. Bg2 Bg7 4. O-O O-O 5. d4 d6 6. b3 e5 7. dxe5 Ng4 8. Bb2 Nd7 9. Qc1 Ngxe5 10. Nbd2 Re8 11. e3 c6 12. Nxe5 Nxe5 13. Nf3 Qc7 14. Nxe5 dxe5 15. e4 h5 16. Qe3 Bg4 17. h3 Be6 18.
Rfd1 a5 19. a4 Rad8 20. Qc5 Bf6 21. Bc3 b6 22. Qe3 Kg7 23. Bf1 h4 24. g4 Kh7 25.
Qe1 Bg5 26. Bd2 Qe7 27. Bxg5 Qxg5 28. Qe3 Qxe3 29. fxe3 Kh6 30. Kf2 Kg5 31. Be2 f5 32. gxf5 gxf5 33. Rg1+ Kf6 34. Rad1 fxe4 35. Kg2 Rg8+ 36.
Kh2 Rxd1 37. Rxg8 Rd2 38. Rg2 Rxc2 39. Rf2+ Ke7 40. Kg2 Bxb3 41. Kf1 Bxa4 42. Rf5 Kd6 43. Rf6+ Kc5 44. Re6 Kd5 45. Re8 Bb5 46. Rd8+ Ke6 47.
Bxb5 cxb5 48. Rb8 Kd5 49. Rxb6 Kc4 50. Rc6+ Kd3 51. Re6 b4 52. Rxe5 b3 53. Rd5+ Kxe3 54. Rb5 a4 55. Kg1 b2 56. Kh1 Rc1+ 57. Kg2 b1=Q 58. Rb3+ axb3 59. Kh2 Qc2# 0-1

[Event "Late-Titled-Tuesday-Blitz-April-23-2024"]
[Site "Chess.com"]
[Date "2024.04.23"]
[Round "2"]
[White "APOKALIPSA13"]
[Black "Brahianzevich"]
[Result "0-1"]
[WhiteElo "2136"]
[BlackElo "2459"]
[TimeControl "180+1"]
[EndTime "14:19:11 PDT"]
[Termination "Brahianzevich won by checkmate"]

1. e4 c5 2. Nf3 d6 3. d4 cxd4 4.
Nxd4 Nf6 5. Nc3 a6 6. Rg1 Nc6 7. g4 Nxd4 8. Qxd4 Bxg4 9. Rxg4 Nxg4 10. Qa4+ b5 11. Nxb5 e6 12. Nd4+ Qd7 13. Bb5 axb5 14. Qxa8+ Qd8 15. Qc6+ Qd7 16. Qxb5 Qxb5 17. Nxb5 Nxh2 18.
Ke2 Ng4 19. Bf4 e5 20. Bg3 Kd7 21. a4 Nf6 22. f3 Be7 23. Rd1 Kc6 24. b4 h5 25. c4 h4 26. Bh2 Nh5 27. Nc3 Ng3+ 28. Ke3 Bg5+ 29. Kf2 Bf4 30. Rd5 Nxe4+ 31. Nxe4 Bxh2 32.
Rxd6+ Kc7 33. b5 Bf4 34. b6+ Kb8 35. Kg2 h3+ 36. Kh1 Rc8 37. c5 f5 38. c6 fxe4 39.
fxe4 g5 40. a5 Be3 41. Kh2 g4 42. Kg3 Bf4+ 43. Kxg4 h2 44. c7+ Kb7 45. Rd8 h1=Q 46. a6+ Kxa6 47. Rxc8 Qf3+ 48. Kf5 Qh3+ 49. Kf6 Qxc8 50.
Ke7 Kxb6 51. Kd6 Qxc7+ 52. Ke6 Qc6+ 53. Kf5 Qb7 54. Kg4 Qxe4 55. Kh5 Qf5+ 56. Kh4 Qg5+ 57. Kh3 Qg3# 0-1

[Event "Late-Titled-Tuesday-Blitz-April-23-2024"]
[Site "Chess.com"]
[Date "2024.04.23"]
[Round "2"]
[White "juancruzarias"]
[Black "dropstoneDP"]
[Result "0-1"]
[WhiteElo "2645"]
[BlackElo "3028"]
[TimeControl "180+1"]
[EndTime "14:19:13 PDT"]
[Termination "dropstoneDP won by resignation"]

1. d4 d5 2. c4 dxc4 3. Nf3 Nf6 4.
e3 e6 5. Bxc4 a6 6. O-O c5 7. a3 b5 8. Ba2 Bb7 9. Nc3 Nbd7 10. d5 exd5 11. Nxd5 c4 12. e4 Bc5 13. Bg5 O-O 14. b3 h6 15. Bxf6 Nxf6 16. bxc4 Nxe4 17. cxb5 axb5 18. Qd3 Nxf2 19. Rxf2 Rxa3 20. Nf6+ Qxf6 21. Bxf7+ Qxf7 22. Rxa3 Bxf3 23. gxf3 Qc4 24. Qxc4+ bxc4 25. Rc3 Rc8 26. Kg2 Bxf2 27. Kxf2 Kf7 28. Ke3 Kf6 29. Kf4 Rc5 30. Ke4 Kg5 31. f4+ Kh4 32. Kd4 Rc7 33. Ke5 Rc8 34. Kf5 Rc6 35. Ke5 g6 36. Ke4 Rc8 37.
Ke5 h5 38. Ke4 Rc7 39. Ke5 Re7+ 40. Kf6 Re4 41. f5 gxf5 42. Kxf5 Rg4 43. h3 Rg5+ 44. Kf4 Rc5 45. Ke4 Kg5 46. Kd4 Rc8 47. Ke4 Kf6 48. Kf4 Rc7 49. Ke4 Kg5 50. Ke5 Rc8 51.
Ke4 Kg6 52. Kf4 Rc7 53. Ke4 Kf6 54. Kf4 Rc8 55. Ke4 Kg5 56. Ke5 Rc5+ 57. Ke4 Rf5 58.
Rxc4 Rf4+ 59. Kd3 Rxc4 60. Kxc4 Kh4 61. Kd3 Kxh3 62. Ke3 Kg2 0-1

[Event "Late-Titled-Tuesday-Blitz-April-23-2024"]
[Site "Chess.com"]
[Date "2024.04.23"]
[Round "2"]
[White "PositionalPanther"]
[Black "Nechitaylo_Nikita"]
[Result "1-0"]
[WhiteElo "2535"]
[BlackElo "2343"]
[TimeControl "180+1"]
[EndTime "14:19:13 PDT"]
[Termination "PositionalPanther won by checkmate"]

1. a3 c5 2. h3 Nc6 3. e3 g6 4. Bb5 Bg7 5. Bxc6 dxc6 6. Ne2 e5 7. e4 Ne7 8. b3 O-O 9. d3 f5 10. f3 Be6 11. Be3 b6 12. Qd2 fxe4 13. fxe4 Nc8 14. Rf1 Qh4+ 15. Bf2 Rxf2 16. Rxf2 Bh6 17. Qc3 Be3 18. g3 Bxf2+ 19. Kxf2 Qxh3 20. Qxe5 Qh2+ 21. Ke3 Bg4 22. Nbc3 Qh6+ 23. Nf4 Qh2 24. Nce2 Nd6 25. Qxd6 g5 26. Qxc6 gxf4+ 27. Kxf4 Rf8+ 28. Kxg4 Qxe2+ 29. Kh3 Qh5+ 30. Kg2 Qe2+ 31. Kh3 Qh5+ 32. Kg2 Qe2+ 33. Kg1 Qf2+ 34. Kh1 Rf6 35. Qc8+ Kf7 36. Qd7+ Kg6 37. Qg4+ Kf7 38. Qh5+ Ke7 39. e5 Rg6 40. Qxh7+ Qf7 41. Qxf7+ Kxf7 42. Rf1+ Ke6 43. Rf6+ Rxf6 44. exf6 Kxf6 45. Kg2 Kf5 46. Kf3 Kg5 47. g4 Kf6 48.
Kg3 Kg5 49. Kf3 Kf6 50. Kf4 Kg6 51. g5 Kf7 52. Kg4 Kg6 53. Kf4 b5 54. c4 b4 55.
a4 a5 56. Kg4 Kf7 57. Kf5 Kg7 58. g6 Kf8 59. Kf6 Kg8 60. d4 cxd4 61. c5 d3 62. c6 d2 63. c7 d1=Q 64. c8=Q+ Qd8+ 65. Qxd8# 1-0

[Event "Late-Titled-Tuesday-Blitz-April-23-2024"]
[Site "Chess.com"]
[Date "2024.04.23"]
[Round "2"]
[White "tylityli"]
[Black "NoSpaghettiForYou"]
[Result "1-0"]
[WhiteElo "2331"]
[BlackElo "2509"]
[TimeControl "180+1"]
[EndTime "14:19:13 PDT"]
[Termination "tylityli won by resignation"]

1. d4 Nf6 2. c4 e6 3. Nc3 d5 4.
cxd5 exd5 5. Bg5 c6 6. e3 Bd6 7. Bd3 h6 8. Bh4 Be6 9. Nge2 O-O 10. h3 a5 11. O-O Na6 12. a3 Nc7 13. Rb1 b5 14. f4 b4 15. axb4 axb4 16. Na4 Be7 17.
Nc5 Bxc5 18. dxc5 Qe7 19. Nd4 Bd7 20. Re1 Nce8 21. Rc1 g6 22. Qc2 Kg7 23. Nf3 Bc8 24.
Ne5 Qb7 25. Bxg6 fxg6 26. Qxg6+ Kh8 27. Qxh6+ Kg8 28. Qg6+ Qg7 29. Qxg7+ Nxg7 30. Nxc6 Nf5 31. Bf2 Ne4 32. g4 Ng7 33. Ne7+ Kf7 34. Nxd5 Be6 35. Nxb4 Rab8 36. Nd3 Rfd8 37. Ne5+ Ke8 38. Re2 Rdc8 39. c6 Rb6 40. f5 Bd5 41. Rec2 Nxf2 42. Kxf2 Rc7 43. Kg3 Ke7 44. Kf4 Ne8 45. e4 Rb4 46. Re2 Nf6 47. Rce1 Bc4 48. Re3 Nd5+ 49. exd5 Bxd5+ 50. Kg5 Rxb2 51. Nc4+ Kf7 52. Nxb2 Rxc6 53. Nd3 Kf8 54. Re8+ Kg7 55. R1e7+ Bf7 56. Ne5 Rf6 57. Rxf7+ Rxf7 58. Nxf7 Kh7 59. Ra8 Kg7 60.
h4 Kh7 61. h5 Kg7 62. h6+ Kxf7 63. h7 1-0

[Event "Late-Titled-Tuesday-Blitz-April-23-2024"]
[Site "Chess.com"]
[Date "2024.04.23"]
[Round "2"]
[White "NajdorfPlayerc5"]
[Black "PavelShkapenko"]
[Result "1-0"]
[WhiteElo "2469"]
[BlackElo "2757"]
[TimeControl "180+1"]
[EndTime "14:19:15 PDT"]
[Termination "NajdorfPlayerc5 won by checkmate"]

1. e4 e5 2. Nf3 Nc6 3. Bb5 Bc5 4. O-O d6 5. c3 Bd7 6. d4 Bb6 7. Be3 Nge7 8. Nbd2 O-O 9. Re1 exd4 10. cxd4 d5 11.
exd5 Nxd5 12. Nc4 Nce7 13. Bxd7 Qxd7 14. Nfe5 Qd8 15. a4 c6 16. Nxb6 axb6 17. Qg4 Kh8 18.
Bd2 f6 19. Nc4 Qc8 20. Qxc8 Rfxc8 21. Nxb6 Nxb6 22. Rxe7 Nc4 23. Bc3 b5 24. b3 Nb6 25.
Rb7 Nd5 26. Bd2 bxa4 27. bxa4 Ra6 28. f3 h5 29. a5 Re8 30. Re1 Rea8 31. Re6 Kh7 32.
g4 hxg4 33. fxg4 Kg6 34. Kf2 Rxa5 35. Bxa5 Rxa5 36. Rxc6 Ra2+ 37. Kg3 Ra3+ 38. Kg2 Nf4+ 39. Kf1 Ra1+ 40. Kf2 Ra2+ 41. Kf3 Ne2 42. Rcc7 f5 43.
gxf5+ Kxf5 44. Rf7+ Kg6 45. Rxg7+ Kh6 46. Rh7+ Kg6 47.
Rbg7+ Kf6 48. Rf7+ Kg6 49. Rhg7+ Kh6 50. Rg4 Kh5 51. Rf5+ Kh6 52. h4 Nc3 53. Rgg5 Ra3 54. Ke3 Nd5+ 55. Ke4 Nc3+ 56. Ke5 Ra5+ 57. Ke6 Ra6+ 58.
Kf7 Ne4 59. Rh5# 1-0

[Event "Late-Titled-Tuesday-Blitz-April-23-2024"]
[Site "Chess.com"]
[Date "2024.04.23"]
[Round "2"]
[White "BogdanDeac"]
[Black "samolo"]
[Result "1-0"]
[WhiteElo "3052"]
[BlackElo "2659"]
[TimeControl "180+1"]
[EndTime "14:19:16 PDT"]
[Termination "BogdanDeac won by resignation"]

1. e4 g6 2. d4 Bg7 3. Nf3 d6 4. Bc4 Nc6 5. h3 Nf6 6. Qe2 O-O 7. e5 dxe5 8. dxe5 Nd5 9. O-O Nb6 10. Rd1 Qe8 11. Bd3 Be6 12. Nc3 Nb4 13. Be4 Bc4 14. Qe1 c6 15. b3 Ba6 16. Na4 Nxa4 17. Qxb4 Nb6 18. Ba3 f5 19. Bd3 Nd5 20. Qe1 Bxd3 21. Rxd3 a5 22. Rad1 a4 23. c4 axb3 24. Rxb3 Nf4 25.
Qe3 Bh6 26. Kh1 Kg7 27. e6 g5 28. Rxb7 Ng6 29. Nxg5 Bxg5 30. Bb2+ Kh6 31. Qc3 Rg8 32. Qf3 Rxa2 33. Qxf5 Rxb2 34. Rxb2 Rf8 35. Qg4 Rf4 36. Qg3 Qf8 37. f3 Qf6 38. Re2 Bh4 39. Qh2 Qg5 40. Re4 Bg3 41. Qg1 Rf6 42. Qe3 Nf4 43.
Re5 Qh4 44. Re4 Kg6 45. Qd4 Qh6 46. Qe5 Nxh3 47. Qxg3+ Ng5+ 48. Kg1 Qh5 49. Rg4 Rxe6 50. f4 Kf7 51. Rf1 Rf6 52. Rxg5 Qh6 53. Rg4 Qh5 54. Qh3 Qc5+ 55. Kh1 h5 56. Rh4 Qxc4 57. Rg1 Rxf4 58. Rxh5 Rg4 59. Rh7+ Ke8 60. Rh6 Kd7 61.
Rh4 e6 62. Qxg4 1-0

[Event "Late-Titled-Tuesday-Blitz-April-23-2024"]
[Site "Chess.com"]
[Date "2024.04.23"]
[Round "2"]
[White "N_I_Chess"]
[Black "slorovel"]
[Result "0-1"]
[WhiteElo "2368"]
[BlackElo "2553"]
[TimeControl "180+1"]
[EndTime "14:19:17 PDT"]
[Termination "slorovel won on time"]

1. d4 e6 2. c4 d5 3. Nc3 Be7 4. cxd5 exd5 5. Qc2 Nf6 6. Bg5 O-O 7. e3 c6 8. Bd3 h6 9. Bh4 a5 10. Nge2 Na6 11.
Qd2 Re8 12. O-O b5 13. f3 Nc7 14. Kh1 b4 15. Na4 Ne6 16. Rac1 Bd7 17. Bb1 Rc8 18. Qd3 g6 19. Qd2 Ng7 20. b3 Bf5 21. Bd3 Bxd3 22. Qxd3 Nf5 23. Bf2 Nd6 24. Nc5 Nb5 25.
Ng3 Bf8 26. e4 dxe4 27. fxe4 Ng4 28. Bg1 Qh4 29. Qf3 Rc7 30. h3 h5 31. e5 Bh6 32.
Rcd1 Nc3 33. Rd3 Nd5 34. Nge4 Rf8 35. Qg3 Qxg3 36. Rxg3 Nge3 37. Rff3 Nc2 38. Ng5 Bxg5 39. Rxg5 a4 40. e6 Kg7 41. exf7 Re7 42. Rf1 Rfxf7 43. Rxf7+ Kxf7 44. g4 hxg4 45. Rxg4 axb3 46. axb3 Re1 47.
Nd3 Rd1 48. Ne5+ Ke6 49. Rxg6+ Kf5 50. Rxc6 Nce3 51. h4 Ng4 52. h5 Nf4 0-1

[Event "Late-Titled-Tuesday-Blitz-April-23-2024"]
[Site "Chess.com"]
[Date "2024.04.23"]
[Round "2"]
[White "GMKrikor"]
[Black "alex1531"]
[Result "1-0"]
[WhiteElo "2889"]
[BlackElo "2515"]
[TimeControl "180+1"]
[EndTime "14:19:21 PDT"]
[Termination "GMKrikor won by resignation"]

1. Nf3 d5 2. c4 c6 3. d4 Nf6 4.
Nc3 dxc4 5. e4 b5 6. Qc2 a5 7. a4 b4 8. e5 Nd5 9. Ne4 e6 10. Bxc4 Be7 11. O-O h6 12. Bd2 O-O 13. Rfd1 Nd7 14. Rac1 Bb7 15. Ne1 Rc8 16. Nd3 c5 17. dxc5 Nxc5 18. Ndxc5 Bxc5 19. Nxc5 Rxc5 20. Qb3 Qh4 21. Bb5 Rxc1 22. Bxc1 Qe4 23. Qg3 Kh8 24. Bd3 Qd4 25. Bc2 Qc4 26. Bb1 Rc8 27.
Bd2 Qe2 28. Qf3 Qxf3 29. gxf3 Nb6 30. b3 Bxf3 31. Re1 Bd5 32. Be3 Nd7 33. Rd1 Nxe5 34. Bb6 Bxb3 35. Rf1 Bd5 36. f4 Nf3+ 37. Kf2 Nd2 38.
Rd1 Ne4+ 39. Ke3 b3 40. Bxe4 Bxe4 41. Kxe4 Rc4+ 42. Ke3 Rxa4 43. Rb1 Ra3 44. Bc5 Ra2 45. Rxb3 Rxh2 46. Rb7 Kg8 47. Bd4 g5 48. fxg5 Rh3+ 49.
Ke2 Rh2+ 50. Kf3 Rh4 51. Bf6 hxg5 52. Bxg5 Rh5 53. Kg4 Rh1 54. Bf6 Rg1+ 55. Kh3 Kh7 56. Kh2 Rg6 57. Bd4 Kg8 58. Rb8+ 1-0

[Event "Late-Titled-Tuesday-Blitz-April-23-2024"]
[Site "Chess.com"]
[Date "2024.04.23"]
[Round "2"]
[White "venturov"]
[Black "Pig-filth"]
[Result "1-0"]
[WhiteElo "2503"]
[BlackElo "2240"]
[TimeControl "180+1"]
[EndTime "14:19:23 PDT"]
[Termination "venturov won on time"]

1. e4 Nf6 2. e5 Nd5 3. d4 d6 4. c4 Nb6 5. exd6 cxd6 6. Nc3 g6 7. Be3 Bg7 8. Rc1 O-O 9. b3 e5 10. d5 f5 11. f4 N8d7 12. Nf3 exf4 13. Bxf4 Qe7+ 14.
Be2 Ne5 15. O-O Nbd7 16. Nb5 a6 17. Nc7 Rb8 18. Ne6 Re8 19. Re1 Nc5 20. Nxg7 Qxg7 21. Nxe5 dxe5 22. Be3 Ne4 23. Bf3 Bd7 24. Bxe4 fxe4 25.
c5 Rbd8 26. Qc2 Bf5 27. Red1 Bg4 28. Rd2 Rf8 29. Qxe4 Bf5 30. Qc4 Kh8 31. Bg5 Rc8 32.
c6 h6 33. Qh4 Kh7 34. Rc3 bxc6 35. d6 Bd7 36. g4 Rf7 37. Rh3 Rcf8 38. Bxh6 Rf1+ 39.
Kg2 g5 40. Bxg7+ gxh4 41. Bxf8 Rxf8 42. Rxh4+ Kg6 43. h3 e4 44. Rh5 Re8 45. Ra5 e3 46. Re2 c5 47. Rxc5 Bb5 48. Re1 e2 49. Kf2 Bd3 50.
Rd5 Bb5 51. d7 Rd8 52. a4 Bxd7 53. Rxe2 Rf8+ 54. Kg3 Bc8 55. Rd6+ Kg5 56. Re5+ Bf5 57. Rxf5+ Rxf5 58. gxf5 Kxf5 59. Rxa6 1-0

[Event "Late-Titled-Tuesday-Blitz-April-23-2024"]
[Site "Chess.com"]
[Date "2024.04.23"]
[Round "2"]
[White "AradNazari"]
[Black "Sjakkerntobi"]
[Result "1-0"]
[WhiteElo "2770"]
[BlackElo "2522"]
[TimeControl "180+1"]
[EndTime "14:19:26 PDT"]
[Termination "AradNazari won by resignation"]

1. e4 e6 2. d4 d5 3. e5 c5 4.
c3 Qb6 5. Nf3 Bd7 6. Be2 Bb5 7.
Bxb5+ Qxb5 8. Na3 Qb6 9. dxc5 Bxc5 10. b4 Bf8 11. O-O Nc6 12. c4 Nxb4 13. Rb1 Qa6 14. Qb3 Rc8 15. cxd5 Nxd5 16. Nb5 Bc5 17. Ng5 Nge7 18.
Ne4 O-O 19. Nbd6 Bxd6 20. Nxd6 Rc7 21. Bg5 h6 22. Bxe7 Nxe7 23. Rfe1 Nd5 24. h4 Nc3 25.
Rb2 b6 26. Re3 Nd5 27. Rg3 Nf4 28. Qe3 Rc1+ 29. Qxc1 Ne2+ 30. Rxe2 Qxe2 31. Qxh6 Qxe5 32. Qg5 Qxg5 33. Rxg5 Rd8 34. Nb5 Rd2 35. Nxa7 Rxa2 36.
Nc8 Rb2 37. Rg4 f5 38. Rd4 Kf7 39. Rd7+ Kf6 40. Rb7 Rb4 41. g3 b5 42. Nd6 f4 43.
Nxb5 fxg3 44. fxg3 g5 45. h5 g4 46. h6 Kg6 47. h7 Rb1+ 48. Kf2 Rb2+ 49. Ke3 Rh2 50.
Nd4 e5 51. Nc6 Kf5 52. Ne7+ Ke6 53. Ng6 Rh3 54. h8=Q Rxh8 55. Nxh8 e4 56. Rg7 Kf6 57.
Rxg4 Kf5 58. Rxe4 Kf6 59. Rg4 Kf5 60. Kf3 Kf6 61. Ng6 Kf5 62. Nf4 Kf6 63. Rg6+ Kf5 64. g4+ Ke5 65. Re6+ Kd4 66. g5 Kc5 67. g6 1-0

[Event "Late-Titled-Tuesday-Blitz-April-23-2024"]
[Site "Chess.com"]
[Date "2024.04.23"]
[Round "2"]
[White "TangerineandLemon25"]
[Black "Durarbayli"]
[Result "1/2-1/2"]
[WhiteElo "2625"]
[BlackElo "2911"]
[TimeControl "180+1"]
[EndTime "14:19:27 PDT"]
[Termination "Game drawn by repetition"]

1. e4 c5 2. Nf3 d6 3. d4 cxd4 4. Nxd4 Nf6 5. Nc3 Nc6 6. Bg5 Qb6 7. Nb3 e6 8. Qd2 a6 9. O-O-O Be7 10. f3 O-O 11. h4 Rd8 12. g4 Qc7 13. Nd4 b5 14. Nxc6 Qxc6 15. Ne2 Bb7 16. Nd4 Qc7 17. Bg2 Rac8 18.
Kb1 Qb8 19. h5 Rc4 20. h6 g6 21.
Qe1 Qc7 22. Qh4 Rc8 23. Nb3 Rxc2 24. Rc1 Qc4 25. Ka1 Nxe4 26. Rxc2 Qxc2 27. Bxe7 Qxg2 28. fxe4 Qxe4 29. Re1 Qf4 30. Bg5 Qf3 31. Be7 Bd5 32.
Bxd6 f6 33. Be7 Kf7 34. Bb4 Rc4 35. Bc3 Rxc3 36. bxc3 Qxc3+ 37. Kb1 Bc4 38. Nc1 Bd3+ 39. Nxd3 Qxd3+ 40. Kc1 Qc3+ 41. Kb1 Qd3+ 42. Kb2 Qd2+ 43. Kb3 Qd5+ 44. Kb4 Qc4+ 45. Ka5 Qc3+ 46. Kb6 Qd4+ 47. Kxa6 Qd6+ 48. Ka5 Qd2+ 49. Kb6 Qd6+ 50. Kb7 Qd7+ 51. Kb6 Qd6+ 52. Kxb5 Qd5+ 53. Kb4 Qd4+ 54. Ka5 Qc5+ 55. Ka6 Qc6+ 56. Ka5 Qc5+ 57. Ka4 Qc4+ 58. Ka5 Qc3+ 59. Ka6 Qc4+ 60. Ka7 Qc5+ 61. Kb7 Qb5+ 62. Kc7 Qc5+ 63.
Kd7 Qb5+ 64. Kc7 Qc5+ 65. Kd7 Qd5+ 66. Kc7 Qc5+ 1/2-1/2

[Event "Late-Titled-Tuesday-Blitz-April-23-2024"]
[Site "Chess.com"]
[Date "2024.04.23"]
[Round "2"]
[White "Nicolik"]
[Black "VladimirBugayev"]
[Result "1-0"]
[WhiteElo "2503"]
[BlackElo "2244"]
[TimeControl "180+1"]
[EndTime "14:19:27 PDT"]
[Termination "Nicolik won on time"]

1. d4 Nf6 2. Nc3 d5 3. Bf4 c6 4. e3 g6 5. Be2 Bg7 6. Nf3 Bg4 7. Ne5 Bxe2 8. Qxe2 Nfd7 9. O-O-O Nxe5 10. dxe5 e6 11. e4 a6 12. h4 h5 13. g4 Qa5 14. Rhe1 Nd7 15. exd5 cxd5 16. Nxd5 exd5 17. e6 O-O 18. exd7 Qxa2 19. Be5 Bxe5 20. Qxe5 Qa1+ 21. Kd2 Qa5+ 22. Kc1 Qa1+ 23. Kd2 Qa5+ 24. c3 hxg4 25. h5 Qb6 26. h6 f6 27. Qxd5+ Kh8 28. Kc1 Qxf2 29. Re7 Qf4+ 30.
Kb1 Qf5+ 31. Qxf5 gxf5 32. Rd5 f4 33. Rd4 Rg8 34. Rxf4 g3 35. Rf1 f5 36. Ka2 g2 37.
Rg1 f4 38. Rf7 Rad8 39. Rxf4 Rxd7 40. Rf2 Rd6 41. Rfxg2 Rxg2 42. Rxg2 Rxh6 43. Ka3 Rb6 44. b4 Rc6 45. Kb3 Kh7 46. c4 Rf6 47. c5 b6 48.
cxb6 Rxb6 49. Ka4 Rf6 50. Ka5 Rc6 51. Rg5 Kh8 52. Rc5 Rd6 53. Rc7 Kg8 54. Ra7 Kf8 55.
Rxa6 Rd1 56. Kb6 Ke8 57. Ra8+ Kd7 58. b5 Rc1 59. Rh8 Rb1 60. Ka6 Ra1+ 61. Kb7 Rb1 62.
b6 Rb2 63. Ka7 Ra2+ 64. Kb8 Rb2 65. b7 Rb1 66. Rh4 Rd1 67. Ra4 1-0